 Dungeon Crawl Stone Soup version 0.25.0-1-g7eea58d (webtiles) character file.

Game seed: 14384508551815976935

513 Pseudoku the Skirmisher (level 7, 0/44 HPs)
             Began as a Gargoyle Hunter on June 16, 2020.
             Was an Initiate of Gozag.
             Killed from afar by Ijyb (14 damage)
             ... with a bolt of acid
             ... on level 5 of the Dungeon.
             The game lasted 00:10:22 (4984 turns).

Pseudoku the Skirmisher (Gargoyle Hunter)           Turns: 4984, Time: 00:10:23

Health: 0/44       AC:  8    Str: 16    XL:     7   Next: 19%
Magic:  8/8        EV:  9    Int: 18    God:    Gozag
Gold:   194        SH:  0    Dex: 11    Spells: 6/8 levels left

rFire    . . .     SeeInvis .   a - +0 short sword
rCold    . . .     Gourm    .   (no shield)
rNeg     + . .     Faith    .   s - +0 scale mail
rPois    ∞         Spirit   .   (no helmet)
rElec    +         Reflect  .   n - +0 cloak
rCorr    .         Harm     .   (no gloves)
MR       .....                  (no boots)
Stlth    ..........             (no amulet)
HPRegen  0.14/turn              u - +6 ring of intelligence
MPRegen  0.11/turn              (no ring)

@: corroded
A: negative energy resistance 1, electricity resistance, unbreathing,
petrification resistance, rot immunity, AC +4
a: Potion Petition, Call Merchant, Bribe Branch, Renounce Religion


You were on level 5 of the Dungeon.
You worshipped Gozag.
Gozag was aware of your devotion.
You were not hungry.

You visited 1 branch of the dungeon, and saw 5 of its levels.

You collected 665 gold pieces.
You spent 430 gold pieces at shops.
You paid 41 gold pieces to Gozag.

Inventory:

Hand Weapons
 a - a +0 short sword (weapon)
 h - a +0 long sword
Missiles
 b - 28 arrows
 c - 4 javelins (quivered)
 q - 2 curare-tipped darts
 v - 23 poisoned darts
Armour
 n - a +0 cloak (worn)
 s - a +0 scale mail (worn)
Jewellery
 u - a +6 ring of intelligence (left hand)
Wands
 d - a wand of enslavement (4)
Scrolls
 g - a scroll of immolation
 i - a scroll of holy word
 j - 2 scrolls of fear
 l - 2 scrolls of remove curse
 o - 2 scrolls of blinking
 r - 3 scrolls of fog
 t - 3 scrolls of enchant armour
 w - 4 scrolls of identify
 y - a scroll of teleportation {unknown}
Potions
 e - a potion of haste
 k - 6 potions of curing
 p - a potion of invisibility
 x - 3 potions of heal wounds
Comestibles
 f - 10 rations


   Skills:
 + Level 5.2 Fighting
 - Level 2.8(3.5) Short Blades
 + Level 3.1(3.7) Long Blades
 - Level 3.6 Throwing
 + Level 1.7 Armour
 - Level 1.5 Dodging
 - Level 1.1 Stealth
 + Level 1.1 Spellcasting
 + Level 1.0 Transmutations


You had 6 spell levels left.
You knew the following spells:

 Your Spells              Type           Power        Failure   Level  Hunger
a - Sticks to Snakes      Tmut           #.......     56%         2    ###....

Your spell library contained the following spells:

 Spells                   Type           Power        Failure   Level  Hunger
 Beastly Appendage        Tmut           #.....       43%         1    ##.....
 Spider Form              Tmut/Pois      #.........   87%         3    ####...
 Ice Form                 Ice/Tmut       #.......     99%         4    #####..
 Blade Hands              Tmut           #.........   100%        5    ######.


Dungeon Overview and Level Annotations

Branches:
Dungeon (5/15)
 Temple: D:4-7

Altars:
Gozag
Qazlal
Trog
The Shining One

Shops:
D:4 ?

Annotations:
D:5 Ijyb


Innate Abilities, Weirdness & Mutations

You are resistant to torment.
Your stone body is resilient. (AC +4)
You are immune to poison.
You resist negative energy. (rN+)
You are resistant to electric shocks. (rElec)
You can survive without breathing.
You are immune to petrification.
You are immune to rotting.


Message History

You now have 194 gold pieces (gained 6).
t - 3 scrolls of enchant armour (gained 1)
d - a wand of enslavement (4)
A giant cockroach comes into view.
Ijyb the Twisted Goblin comes into view.
She is carrying a wand of acid (10).
Ijyb shouts!
Ijyb screams, "Me kill you!"
Ijyb zaps a wand.
The bolt of acid misses you.
A black bear comes into view.
The black bear growls angrily.
The giant cockroach closely misses you.
Ijyb zaps a wand.
The bolt of acid hits you! The acid corrodes you!
You are splashed with acid!
The giant cockroach barely misses you.
You are too injured to fight recklessly!
You are too injured to fight recklessly!
You are too injured to fight recklessly!
Ijyb screams, "Me very upset!"
Ijyb zaps a wand.
The bolt of acid hits you!
You die...
Your body crumbles into a pile of gold.

...#[.........# #.#
...#..........# #.#
...#..........# #.#######
...#..........# #$......##
...###........# #.........
...###........# #......??.
.....+........# #sg...h...
...###........###.#####...
..........#.....@.#
###################


You could see Ijyb and a giant cockroach.

Vanquished Creatures
  Sigmund (D:2)
  A hornet zombie (D:5)
  An orc wizard (D:5)
  3 worker ants (D:4)
  3 adders
  An adder zombie (D:4)
  2 oozes
  6 worms
  2 dart slugs
  A leopard gecko (D:2)
  13 orcs
  3 giant cockroaches
  8 goblins
  9 hobgoblins
  6 jackals
  15 kobolds
  5 quokkas
  A ball python (D:3)
  9 bats
  5 frilled lizards
  A leopard gecko skeleton (D:4)
  10 rats
106 creatures vanquished.

Notes
Turn   | Place    | Note
-------+----------+-------------------------------------------
     0 | D:1      | Pseudoku the Gargoyle Hunter began the quest for the Orb.
     0 | D:1      | Reached XP level 1. HP: 12/12 MP: 1/1
   208 | D:1      | Reached skill level 1 in Short Blades
   208 | D:1      | Reached XP level 2. HP: 18/18 MP: 2/2
   512 | D:1      | Reached skill level 3 in Fighting
   530 | D:1      | Reached XP level 3. HP: 18/23 MP: 3/3
  1047 | D:2      | Reached XP level 4. HP: 14/28 MP: 4/4
  1370 | D:2      | Found a glowing golden altar of the Shining One.
  1462 | D:2      | Noticed Sigmund
  1465 | D:2      | Killed Sigmund
  1465 | D:2      | Reached skill level 4 in Fighting
  1465 | D:2      | Reached XP level 5. HP: 34/34 MP: 5/5
  1550 | D:2      | Reached XP level 6. HP: 39/39 MP: 6/6
  1620 | D:2      | Found an opulent altar of Gozag.
  1764 | D:2      | Became a worshipper of Gozag Ym Sagoz the Greedy
  1965 | D:3      | Found a bloodstained altar of Trog.
  3046 | D:4      | Found a stormy altar of Qazlal.
  3141 | D:4      | Found Gytufaecw's Magic Scroll Shoppe.
  3147 | D:4      | Bought a scroll of identify for 20 gold pieces
  3150 | D:4      | Bought a scroll of blinking for 75 gold pieces
  3150 | D:4      | Bought a scroll of identify for 20 gold pieces
  3150 | D:4      | Bought a scroll of holy word for 75 gold pieces
  3150 | D:4      | Bought a scroll of identify for 20 gold pieces
  3150 | D:4      | Bought a scroll of enchant armour for 75 gold pieces
  3150 | D:4      | Bought a scroll of fog for 20 gold pieces
  3150 | D:4      | Bought a scroll of remove curse for 30 gold pieces
  3150 | D:4      | Bought a scroll of enchant armour for 75 gold pieces
  3150 | D:4      | Bought a scroll of identify for 20 gold pieces
  3281 | D:3      | Learned a level 2 spell: Sticks to Snakes
  3408 | D:4      | Reached skill level 5 in Fighting
  3499 | D:4      | Reached skill level 1 in Armour
  4020 | D:5      | Entered Level 5 of the Dungeon
  4209 | D:5      | Found Leteu's Gadget Boutique.
  4357 | D:5      | Found a stormy altar of Qazlal.
  4757 | D:5      | Reached skill level 1 in Spellcasting
  4757 | D:5      | Reached skill level 1 in Transmutations
  4757 | D:5      | Reached XP level 7. HP: 15/44 MP: 8/8
  4980 | D:5      | Noticed Ijyb
  4984 | D:5      | Killed from afar by Ijyb

Illustrated notes

Levels and vault maps discovered:
D:1:      elethiomel_arrival_shortcut, layout_rooms, st_stairs_9,
          minmay_tetromino_l2
D:2:      layout_rooms, tso_metal_star, lemuel_doored_altar, uniq_sigmund
D:3:      layout_loops_ring, lemuel_crystal_altar, corexii_hall_statues_i
D:4:      layout_basic, kennysheep_mini, first_ration, serial_shops,
          nicolae_shop_crystal
D:5:      layout_basic, serial_shops, nicolae_shop_waterfront,
          grunt_qazlal_sundering, uniq_ijyb

Skill      XL: |  1  2  3  4  5  6 |
---------------+-------------------+-----
Short Blades   | 1 2 |  2.8
Fighting       | 3 4 5 |  5.2
Long Blades    | 2 3 |  3.1
Armour         | 1 |  1.7
Spellcasting   | 1 |  1.1
Transmutations | 1 |  1.0
Throwing       | |  3.6
Dodging        | |  1.5
Stealth        | |  1.1

Action                   |  1- 3 |  4- 6 |  7- 9 || total
-------------------------+-------+-------+-------++-------
Melee: Short sword       |   109 |   391 |       ||   500
Throw: Javelin           |    10 |    11 |       ||    21
       Dart              |       |     2 |       ||     2
       Throwing net      |       |     2 |       ||     2
  Use: Scroll            |       |     8 |       ||     8
       Potion            |       |     1 |       ||     1
  Eat: Chunk             |       |     4 |       ||     4
       Ration            |       |     2 |     1 ||     3
Armor: Leather armour    |    62 |    91 |       ||   153
       Scale mail        |       |    78 |       ||    78
Dodge: Dodged            |    95 |   163 |     3 ||   261
